 Dungeon Crawl Stone Soup version 0.27-a0-1272-g7c8ad2e407 (webtiles) character file.

Game seed: 992547051397494045

860 Bnni the Chopper (level 8, 0/65 HPs)
             Began as a Formicid Abyssal Knight on June 10, 2021.
             Was a Priest of Lugonu.
             Killed from afar by a steam dragon (9 damage)
             ... with a ball of steam
             ... on level 5 of the Dungeon.
             The game lasted 00:11:15 (6330 turns).

Bnni the Chopper (Formicid Abyssal Knight)          Turns: 6330, Time: 00:11:16

Health: 0/65       AC:  9    Str: 20      XL:     8   Next: 22%
Magic:  9/9        EV:  7    Int: 11      God:    Lugonu [***...]
Gold:   116        SH:  0    Dex:  4 (10) Spells: 7/7 levels left

rFire    . . .     SeeInvis +   s - +0 war axe
rCold    + . .     Faith    .   (no shield)
rNeg     + . .     Spirit   .   x - +0 chain mail {rC+}
rPois    .         Reflect  .   (helmet unavailable)
rElec    .         Harm     .   (no cloak)
rCorr    .         Rampage  .   (no gloves)
Will     .....                  c - +0 pair of boots
Stlth    ..........             (no amulet)
HPRegen  0.20/turn              h - ring of positive energy
MPRegen  0.11/turn              (no ring)

@: no status effects
A: permanent stasis, dig shafts and tunnels, antennae 3, four strong arms
a: Dig, Shaft Self, Renounce Religion, Depart the Abyss, Bend Space, Banish


You were on level 5 of the Dungeon.
You worshipped Lugonu.
Lugonu was most pleased with you.
You visited 1 branch of the dungeon, and saw 5 of its levels.
You visited the Abyss 1 time.

You collected 116 gold pieces.

Inventory:

Hand Weapons
 s - a +0 war axe (weapon)
Missiles
 i - a throwing net
Armour
 c - a +0 pair of boots (worn)
 x - a +0 chain mail of cold resistance (worn)
Jewellery
 g - a ring of protection from cold
 h - a ring of positive energy (left hand)
 v - a ring of magical power
Wands
 u - a wand of iceblast (15)
Scrolls
 a - a scroll of fear {unknown}
 b - a scroll of teleportation {unknown}
 d - a scroll of silence {unknown}
 e - a scroll of torment {unknown}
 m - a scroll of summoning {unknown}
 p - 2 scrolls of amnesia
 q - a scroll of blinking
 w - 2 scrolls of magic mapping
Potions
 f - a potion of curing
 j - a potion of flight {unknown}
 k - a potion of brilliance
 l - 2 potions of attraction {unknown}
 n - 2 potions of cancellation
 r - a potion of degeneration {unknown}


   Skills:
 + Level 6.4 Fighting
 * Level 7.4 Axes
 - Level 2.1 Armour
 - Level 0.8 Dodging
 - Level 2.1 Invocations


You had 7 spell levels left.
You didn't know any spells.
Your spell library contained the following spells:

 Spells                   Type           Power      Damage    Failure   Level
 Summon Small Mammal      Summ           0%         N/A       98%         1
 Call Imp                 Summ           0%         N/A       99%         2
 Call Canine Familiar     Summ           0%         N/A       100%        3
 Confusing Touch          Hex            0%         N/A       100%        3
 Gell's Gravitas          Tloc           0%         N/A       100%        3
 Summon Guardian Golem    Hex/Summ       0%         N/A       100%        3
 Petrify                  Tmut/Erth      0%         N/A       100%        4
 Summon Ice Beast         Ice/Summ       0%         N/A       100%        4
 Summon Lightning Spire   Summ/Air       0%         N/A       100%        4
 Metabolic Englaciation   Hex/Ice        0%         N/A       100%        5
 Yara's Violent Unravell  Hex/Tmut       0%         3d3       100%        5


Dungeon Overview and Level Annotations

Branches:
Dungeon (5/15)
 Temple: D:4-7

Altars:
Ashenzari
Elyvilon
Gozag
Trog

Shops:
D:3 *

Annotations:
D:5 1 runed translucent door, Eustachio


Innate Abilities, Weirdness & Mutations

You cannot be hasted, slowed, berserked, paralysed or teleported.
You can dig through walls and to a lower floor.
You have a pair of large antennae on your head. (SInv)
Your four strong arms can wield two-handed weapons with a shield.


Message History

The steam dragon is moderately wounded.
The steam dragon bites you. The steam dragon claws you.
You hit the steam dragon.
The steam dragon is moderately wounded.
The steam dragon bites you but does no damage.
The steam dragon claws you but does no damage.
You hit the steam dragon.
The steam dragon is heavily wounded.
The steam dragon breathes steam at you. The ball of steam hits you!
You hit the steam dragon.
The steam dragon is heavily wounded.
You are engulfed in a cloud of scalding steam.
The steam dragon breathes steam at you. The ball of steam hits you!
The steam dragon bites you. The steam dragon barely misses you.
Your chain mail prevents you from hitting the steam dragon.
The steam dragon is heavily wounded.
You are engulfed in a cloud of scalding steam.
The steam dragon bites you. The steam dragon barely misses you.
You closely miss the steam dragon.
The steam dragon is heavily wounded.
You are engulfed in a cloud of scalding steam.
You hear a shout!
The steam dragon closely misses you.
The steam dragon claws you but does no damage.
You are too injured to fight recklessly!
You are too injured to fight recklessly!
You hit the steam dragon but do no damage.
The steam dragon is heavily wounded.
The steam dragon breathes steam at you. The ball of steam hits you!
* * * LOW HITPOINT WARNING * * *
Unknown command.
You extend your mandibles.
You dig through the rock wall.
You feel better. The steam dragon breathes steam at you.
The ball of steam hits you!
You die...

#,+#.#'.##......###.,,,*
,{,#.#...##[...## *,,,,*
{,*#.##...#.#.## ****,*****
{*#...##..#...# *,,,,,*
##.....####..## *,,,,,*
............#### *,*,,**
.....####..#.#[# *,**,,*
.########.###)#### *,,,,,*
......#...####{#@# ***,,,*
............#.#D## *,,,,**
.......##...{##### **,,,,,*
......).###.>{...##***,,,,,,**
.....<.....>........,,,,,,,,,*
........###{#..##..#,,,,,,,,,***
........##.###......,,,,,,,,,,,*
...................,,,,,,,,,,,,*
.....s.......######,,,,,,,,,,,,*


You could see a steam dragon (catching breath).

Vanquished Creatures
  Sigmund (D:4)
  An orc warrior (D:5)
  2 ogres (D:5)
  Blork the orc (D:5)
  A centaur zombie (D:5)
  2 orc priests
  A centaur skeleton (D:5)
  2 iguanas
  Ijyb (D:5)
  An orc wizard (D:4)
  3 adders
  A gnoll (D:2)
  An ufetubus (D:5)
  An adder skeleton (D:4)
  A worm (D:2)
  3 dart slugs
  6 orcs
  8 ball pythons
  6 endoplasms
  6 giant cockroaches
  6 goblins
  8 hobgoblins
  7 jackals
  4 quokkas
  11 bats
  4 frilled lizards
  8 kobolds
  6 rats
103 creatures vanquished.

Notes
Turn   | Place    | Note
-------+----------+-------------------------------------------
     0 | Abyss:1  | Bnni the Formicid Abyssal Knight began the quest for the
                  | Orb.
     0 | Abyss:1  | Reached XP level 1. HP: 18/18 MP: 2/2
     7 | Abyss:1  | Noticed a hellwing
     8 | D:1      | Escaped the Abyss
   114 | D:1      | Reached XP level 2. HP: 18/24 MP: 3/3
   251 | D:1      | Reached * piety under Lugonu
   390 | D:1      | Reached XP level 3. HP: 30/30 MP: 4/4
   395 | D:1      | Reached skill level 3 in Axes
   907 | D:1      | Found a faded altar of an unknown god.
  1239 | D:1      | Upgraded the game from 0.27-a0-1248-g57ac2eb73c to
                  | 0.27-a0-1272-g7c8ad2e407
  1355 | D:2      | Reached XP level 4. HP: 24/37 MP: 5/5
  1358 | D:2      | Reached ** piety under Lugonu
  1662 | D:2      | Found a bloodstained altar of Trog.
  2143 | D:2      | Reached skill level 4 in Axes
  2553 | D:3      | Reached XP level 5. HP: 42/42 MP: 6/6
  2946 | D:3      | Found Rexol's General Store.
  3016 | D:3      | Found an opulent altar of Gozag.
  3017 | D:3      | Found a white marble altar of Elyvilon.
  4178 | D:4      | Noticed Sigmund
  4203 | D:4      | Killed Sigmund
  4204 | D:4      | Reached skill level 5 in Fighting
  4204 | D:4      | Reached skill level 5 in Axes
  4204 | D:4      | Reached XP level 6. HP: 39/51 MP: 7/7
  4417 | D:4      | Reached XP level 7. HP: 36/56 MP: 8/8
  4702 | D:4      | Found a broken altar of Ashenzari.
  5037 | D:5      | Entered Level 5 of the Dungeon
  5037 | D:5      | Noticed Eustachio
  5176 | D:5      | Noticed Blork the orc
  5183 | D:5      | Killed Blork the orc
  5184 | D:5      | Reached skill level 6 in Axes
  5410 | D:5      | Reached *** piety under Lugonu
  5535 | D:5      | Noticed Ijyb
  5578 | D:5      | Killed Ijyb
  5731 | D:5      | Reached skill level 7 in Axes
  5731 | D:5      | Reached XP level 8. HP: 30/64 MP: 9/9
  5982 | D:5      | Found a runed translucent door.
  6330 | D:5      | Killed from afar by a steam dragon

Illustrated notes

Levels and vault maps discovered:
D:1:      lemuel_arrival_muddy, layout_loops_ring, ebering_ecumenical_altar_box,
          serial_glass, glass_columns_b, glass_columns_a
D:2:      minmay_evil_eye, layout_basic, basic_altar,
          minmay_randomly_rotated_circles
D:3:      layout_loops_corners, gammafunk_temple_overflow_statue, serial_rivers,
          chequers_serial_rivers_marsh, chequers_serial_rivers_micro_d,
          chequers_serial_rivers_large_b, chequers_serial_rivers_small_a,
          serial_shops, shop_statue, amethyst_killhole
D:4:      layout_loops_ring, lemuel_doored_altar,
          eino_small_chamber_without_monster, uniq_sigmund
D:5:      cheibrodos_barr_body, layout_rooms, ebering_ghost_sewer_d, uniq_ijyb,
          uniq_blork_the_orc, uniq_eustachio

Skill      XL: |  1  2  3  4  5  6  7 |
---------------+----------------------+-----
Axes           | 3 4 5 7 |  7.4
Fighting       | 4 5 6 |  6.4
Armour         | |  2.1
Dodging        | |  0.8
Invocations    | |  2.1

Action                   |  1- 3 |  4- 6 |  7- 9 || total
-------------------------+-------+-------+-------++-------
Melee: Hand axe          |   112 |   174 |       ||   286
       War axe           |       |    20 |   111 ||   131
Throw: Throwing net      |       |       |     1 ||     1
Invok: Depart the Abyss  |     1 |       |       ||     1
       Bend Space        |       |       |     1 ||     1
 Abil: Dig               |     3 |     1 |     6 ||    10
  Use: Scroll            |       |     5 |     4 ||     9
       Potion            |       |       |     3 ||     3
Armor: Leather armour    |    51 |    12 |       ||    63
       Ring mail         |       |    65 |    37 ||   102
       Chain mail        |       |       |    57 ||    57
Dodge: Dodged            |    94 |   107 |    67 ||   268

Table legend: (Time is in decaauts)
 A = Elapsed time spent in this place.
 B = Non-inter-level travel time spent in this place.
 C = Inter-level travel time spent in this place.
 D = Time resting spent in this place.
 E = Time spent auto-exploring this place.
 F = Levels seen in this place.
 G = Mean time per level.
                   A        B        C        D        E       F      G
               +--------+--------+--------+--------+--------+-----+--------+
         Total |   6473 |   6207 |    266 |   1642 |   3573 |   6 | 1078.8 |
       Dungeon |   6465 |   6199 |    266 |   1642 |   3573 |   5 | 1293.0 |
         Abyss |      8 |      8 |      0 |      0 |      0 |   1 |    8.0 |
               +--------+--------+--------+--------+--------+-----+--------+

Top non-repeatable levels by time:
     D:3: 1673 daAuts
     D:4: 1412 daAuts
     D:2: 1303 daAuts
     D:1: 1194 daAuts
     D:5: 881 daAuts
 Abyss:1: 8 daAuts
